 Dungeon Crawl Stone Soup version 0.30-a0-983-g7e3032bf44 (webtiles) character file.

Game seed: 6659544599789354311

36388 Xenoroth98 the Bludgeoner (level 13, -1/125 HPs)
             Began as a Minotaur Fighter on Apr 1, 2023.
             Was the Champion of Okawaru.
             Slain by an eight-headed hydra (5 damage)
             ... on level 3 of the Lair of Beasts.
             The game lasted 00:24:21 (15099 turns).

Xenoroth98 the Bludgeoner (Minotaur Fighter)       Turns: 15099, Time: 00:24:21

Health: -1/125     AC: 17    Str: 31    XL:     13   Next: 52%
Magic:  12/12      EV: 10    Int:  5    God:    Okawaru [******]
Gold:   593        SH:  0    Dex: 16    Spells: 12/12 levels left

rFire   + . .      SeeInvis .    K - +6 executioner's axe "Foak" {venom, rElec rF+ Str+3}
rCold   . . .      Faith    .    (shield currently unavailable)
rNeg    . . .      Spirit   .    N - +0 scale mail of Fug Ojy {Str+3 Dex+5 Slay+2 Stlth-}
rPois   .          Reflect  .    k - +2 hat
rElec   +          Rampage  .    E - +1 cloak
rCorr   .                        D - +1 pair of gloves
Will    .....                    m - +0 pair of boots Stlth
                                 I - amulet of regeneration
HPRegen 1.20/turn                (no ring)
MPRegen 0.13/turn                (no ring)

@: about to teleport
A: horns 2, retaliatory headbutt
a: Renounce Religion, Heroism, Finesse, Duel


You were on level 3 of the Lair of Beasts.
You worshipped Okawaru.
Okawaru was exalted by your worship.
You visited 3 branches of the dungeon, and saw 15 of its levels.
You also visited: Sewer and Bailey.

You collected 1043 gold pieces.
You spent 450 gold pieces at shops.

Inventory:

Hand Weapons
 K - the +6 executioner's axe "Foak" (weapon) {venom, rElec rF+ Str+3}
   (You found it in a bailey)

   Str:       It affects your strength (+3).
   rF:        It protects you from fire.
   rElec:     It insulates you from electricity.
 L - a +2 heavy executioner's axe
Missiles
 v - 34 poisoned darts
Armour
 k - a +2 hat (worn)
 m - a +0 pair of boots (worn)
 D - a +1 pair of gloves (worn)
 E - a +1 cloak (worn)
 N - the +0 scale mail of Fug Ojy (worn) {Str+3 Dex+5 Slay+2 Stlth-}
   (Okawaru gifted it to you on level 11 of the Dungeon)

   Str:       It affects your strength (+3).
   Dex:       It affects your dexterity (+5).
   Slay:      It affects your accuracy & damage with ranged weapons and melee
   (+2).
   Stlth:     It makes you less stealthy.
Jewellery
 I - an amulet of regeneration (around neck)
 J - a ring of magical power
 P - a ring of magical power
Wands
 F - a wand of iceblast (5)
 M - a wand of flame (22)
 R - a wand of mindburst (4)
Scrolls
 d - 3 scrolls of magic mapping
 e - 3 scrolls of noise {unknown}
 g - 2 scrolls of immolation {unknown}
 h - 7 scrolls of enchant armour
 j - 9 scrolls of teleportation
 l - a scroll of acquirement {unknown}
 n - 2 scrolls of fear {unknown}
 o - a scroll of butterflies {unknown}
 p - a scroll of silence {unknown}
 q - 2 scrolls of amnesia {unknown}
 y - 2 scrolls of enchant weapon {unknown}
 A - 3 scrolls of poison
 G - 3 scrolls of fog {unknown}
 H - 4 scrolls of identify
Potions
 a - 4 potions of attraction
 b - 2 potions of heal wounds
 f - 2 potions of haste
 i - a potion of magic
 r - a potion of mutation
 s - 8 potions of curing
 t - a potion of resistance {unknown}
 u - a potion of brilliance {unknown}
 w - a potion of invisibility {unknown}
 x - a potion of lignification {unknown}
 z - 2 potions of might
 B - a potion of flight {unknown}
 C - 2 potions of cancellation {unknown}
Miscellaneous
 c - a box of beasts (quivered)
 Q - a box of beasts


   Skills:
 + Level 14.5 Fighting
 * Level 11.5(15.1) Axes
 - Level 15.7(17.1) Maces & Flails
 + Level 12.1 Armour
 - Level 9.1 Shields


You had 12 spell levels left.
You didn't know any spells.
Your spell library contained the following spells:

 Spells                   Type           Power      Damage    Failure   Level
 Magic Dart               Conj           0%         1d3       67%         1
 Shock                    Conj/Air       0%         1d3       67%         1
 Cigotuvi's Dreadful Rot  Necr/Pois/Air  0%         N/A       80%         2
 Lesser Beckoning         Tloc           0%         N/A       80%         2
 Poisonous Vapours        Pois/Air       0%         N/A       80%         2
 Gell's Gravitas          Tloc           0%         N/A       95%         3
 Inner Flame              Hex/Fire       0%         N/A       95%         3
 Mephitic Cloud           Conj/Pois/Air  0%         N/A       95%         3
 Swiftness                Air            0%         N/A       95%         3
 Teleport Other           Tloc           0%         N/A       95%         3
 Airstrike                Air            0%         2d(0-16)  100%        4
 Flame Wave               Conj/Fire      0%         2d4       100%        4
 Sticky Flame             Conj/Fire      0%         2d3       100%        4
 Dispersal                Tloc           0%         N/A       100%        6
 Eringya's Noxious Bog    Tmut/Pois      0%         N/A       100%        6
 Call Imp                 Summ           Unusable   N/A       N/A         2
 Summon Forest            Summ/Tloc      Unusable   N/A       N/A         5
 Summon Hydra             Summ           Unusable   N/A       N/A         7

Dungeon Overview and Level Annotations

Branches:
Dungeon (11/15)            Temple (1/1) D:5            Lair (3/5) D:11
 Spider (0/4) Lair:3        Sewer (visited)          Bailey (visited)
  Swamp: Lair:2-3    Shoals: Lair:2-3       Orc: D:9-12

Altars:
Cheibriados
Dithmenos
Elyvilon
Fedhas
Gozag
Hepliaklqana
Kikubaaqudgha
Makhleb
Nemelex Xobeh
Okawaru
Ru
Sif Muna
Trog
Uskayaw
Vehumet
Wu Jian
Xom
Yredelemnul
Zin
The Shining One

Shops:
D:7 *   D:10 *

Portals:
Abyss: D:6

Annotations:
D:6 2 transporters, Gandelf's ghost, novice SpCj
Lair:1 exclusion: oklob plant
Lair:2 exclusion: oklob plant


Innate Abilities, Weirdness & Mutations

You have a pair of horns on your head.
You reflexively headbutt those who attack you in melee.


Message History

You headbutt the eight-headed hydra!
The eight-headed hydra is heavily wounded.
You hit the fungus but do no damage.
The eight-headed hydra completely misses you.
You furiously retaliate!
You headbutt the eight-headed hydra. The eight-headed hydra bites you.
The eight-headed hydra bites you but does no damage. x3
The eight-headed hydra bites you.
The eight-headed hydra bites you but does no damage. x2
The eight-headed hydra bites you! x3
The eight-headed hydra bites you but does no damage.
The eight-headed hydra bites you. x2
The eight-headed hydra bites you but does no damage.
The eight-headed hydra bites you.
* * * LOW HITPOINT WARNING * * *
You are too injured to fight recklessly!
Unknown command.
An eight-headed hydra is nearby!
As you read the scroll of teleportation, it crumbles to dust.
You feel strangely unstable.
A nearby fungus withers and dies.
The eight-headed hydra bites you but does no damage.
The eight-headed hydra barely misses you.
The eight-headed hydra bites you but does no damage. x2
The eight-headed hydra bites you!
* * * LOW HITPOINT WARNING * * *
The eight-headed hydra barely misses you.
The eight-headed hydra bites you but does no damage.
The eight-headed hydra bites you.
* * * LOW HITPOINT WARNING * * *
Okay, then.
The eight-headed hydra attacks as you move away!
The eight-headed hydra bites you!
* * * LOW HITPOINT WARNING * * *
The eight-headed hydra bites you but does no damage. x2
The eight-headed hydra bites you!
* * * LOW HITPOINT WARNING * * *
The eight-headed hydra bites you but does no damage.
The eight-headed hydra barely misses you.
The eight-headed hydra bites you.
You die...

##.............
...#
#..............
....
#.......$......
....
.#.............
....
#..............
....
#............
.^..
#P........♣
.... #.....D.♣
## #......@#
#.....#.#♣
#...##...♣♣
#.........♣
#.......♣♣♣
##....#.♣♣
#.....#.#♣ ♣###
##.......♣♣
♣♣...
#........♣
♣....


You could see an eight-headed hydra (very poisoned, corroded).

Vanquished Creatures
  The ghost of
  112233 the Thaumaturge, a journeyman DsNe of Gozag (Lair:1)
  2 centaur warriors
  2 boulder beetles
  A two-headed ogre (D:11)
  A wizard (D:7)
  2 deep elf zephyrmancers (D:10)
  An ugly thing (D:11)
  A manticore (D:9)
  10 elephants
  2 black mambas (Lair:3)
  8 cane toads
  5 gargoyles
  2 kobold demonologists
  8 komodo dragons
  A rime drake (Lair:2)
  A troll (D:11)
  A hornet (D:9)
  Grinder (D:6)
  3 wyverns
  2 vampires
  2 wraiths (D:9)
  29 yaks
  2 basilisks
  4 vampire mosquitoes (D:11)
  A steam dragon (D:8)
  3 water moccasins
  A swamp drake (D:10)
  2 sky beasts
  11 orc warriors
  An ice beast (D:7)
  8 wolves
  9 centaurs (Bailey)
  A phantom (D:4)
  5 kobold brigands
  9 bullfrogs
  2 scorpions
  5 wights (D:9)
  11 killer bees
  A howler monkey (D:5)
  A crimson imp (D:10)
  3 hounds
  5 jellies
  A gnoll bouda (D:7)
  2 orc priests
  Crazy Yiuf (D:6)
  An iron imp (D:10)
  12 orc wizards
  6 gnolls
  7 adders
  A river rat (D:4)
  A shadow imp (D:10)
  2 white imps
  2 ufetubi
  4 worms (D:4)
  49 orcs
  10 endoplasms
  4 giant cockroaches
  8 goblins
  7 hobgoblins
  6 jackals
  6 quokkas
  13 ball pythons
  10 bats
  8 frilled lizards
  39 kobolds
  5 rats
376 creatures vanquished.

Vanquished Creatures (others)
  An unseen horror (D:11)
  An orc priest (D:11)
  A white imp (D:10)
  18 fungi
  12 plants
  10 toadstools (D:4)
43 creatures vanquished.

Grand Total: 419 creatures vanquished

Notes
Turn   | Place    | Note
-------+----------+-------------------------------------------
     0 | D:1      | Xenoroth98 the Minotaur Fighter began the quest for the
                  | Orb.
     0 | D:1      | Reached XP level 1. HP: 19/19 MP: 0/0
   172 | D:1      | Reached XP level 2. HP: 27/27 MP: 1/1
   423 | D:1      | Reached skill level 3 in Maces & Flails
   852 | D:2      | Reached XP level 3. HP: 31/33 MP: 2/2
  1479 | D:3      | Reached XP level 4. HP: 41/41 MP: 3/3
  1921 | D:3      | HP: 2/41 [something (3)]
  1923 | D:3      | Reached skill level 4 in Maces & Flails
  2670 | D:4      | Reached skill level 5 in Fighting
  2670 | D:4      | Reached XP level 5. HP: 42/48 MP: 4/4
  3010 | D:4      | Found a glowing drain.
  3017 | Sewer    | Entered a sewer
  3239 | Sewer    | Reached XP level 6. HP: 33/57 MP: 5/5
  3365 | Sewer    | Reached skill level 5 in Maces & Flails
  4038 | D:4      | Reached skill level 5 in Armour
  4041 | D:4      | Reached skill level 5 in Shields
  4043 | D:4      | Reached XP level 7. HP: 51/64 MP: 6/6
  4249 | D:5      | Entered Level 5 of the Dungeon
  4767 | D:5      | Found a staircase to the Ecumenical Temple.
  5116 | D:6      | Reached skill level 6 in Maces & Flails
  5232 | D:6      | Found a blossoming altar of Fedhas.
  5244 | D:6      | Found a sacrificial altar of Ru.
  5435 | D:6      | Found a one-way gate to the infinite horrors of the Abyss.
  5435 | D:6      | Noticed Gandelf's ghost (novice SpCj)
  5436 | D:6      | Noticed a cyan ugly thing
  5494 | D:6      | Noticed an ancient zyme
  5580 | D:6      | Found an ornate altar of the Wu Jian Council.
  5602 | D:6      | Found a transporter.
  5610 | D:6      | Found a transporter.
  5779 | D:6      | Noticed Grinder
  5790 | D:6      | Killed Grinder
  5791 | D:6      | Reached skill level 7 in Maces & Flails
  5791 | D:6      | Reached XP level 8. HP: 70/73 MP: 7/7
  5824 | D:6      | Found a runed translucent door.
  5825 | D:6      | Noticed Crazy Yiuf
  5836 | D:6      | Killed Crazy Yiuf
  6015 | D:7      | Found Coamineh's Neck Hole.
  6355 | D:7      | Noticed a wizard
  6437 | D:7      | Killed a wizard
  6438 | D:7      | Reached skill level 8 in Maces & Flails
  6450 | D:7      | Reached XP level 9. HP: 40/83 MP: 8/8
  7566 | D:8      | Reached skill level 9 in Maces & Flails
  8133 | D:8      | Found a hazy altar of Hepliaklqana.
  8455 | Temple   | Entered the Ecumenical Temple
  8570 | Temple   | Became a worshipper of Warmaster Okawaru
  8785 | D:9      | Found a basalt altar of Yredelemnul.
  8991 | D:7      | Bought an amulet of regeneration for 450 gold pieces
  9112 | D:9      | Reached skill level 10 in Fighting
  9187 | D:9      | Reached * piety under Okawaru
  9188 | D:9      | Reached skill level 10 in Maces & Flails
  9276 | D:9      | Noticed a centaur warrior
  9290 | D:9      | Killed a centaur warrior
  9290 | D:9      | Reached ** piety under Okawaru
  9291 | D:9      | Reached XP level 10. HP: 87/94 MP: 9/9
  9371 | D:9      | Paralysed by a hornet for 3 turns
  9381 | D:9      | Reached *** piety under Okawaru
  9597 | D:9      | Noticed a manticore
  9607 | D:9      | Killed a manticore
  9608 | D:9      | Reached skill level 11 in Maces & Flails
  9849 | D:10     | Entered Level 10 of the Dungeon
 10017 | D:10     | Found Leplops's Assorted Antiques.
 10193 | D:10     | Found a flagged portal.
 10207 | Bailey   | Entered a bailey
 10260 | Bailey   | Reached **** piety under Okawaru
 10806 | Bailey   | Reached skill level 12 in Maces & Flails
 10816 | Bailey   | Reached ***** piety under Okawaru
 10835 | Bailey   | Reached XP level 11. HP: 75/104 MP: 10/10
 10870 | Bailey   | Identified the +6 executioner's axe "Foak" {venom, rElec
                  | rF+ Str+3}
 10874 | Bailey   | Reached skill level 15 in Maces & Flails
 10874 | Bailey   | Reached XP level 12. HP: 112/112 MP: 11/11
 11149 | D:10     | Reached skill level 1 in Axes
 11538 | D:10     | Identified the -1 hat of the Good {Fly rElec Str-4}
 11889 | D:11     | Noticed a centaur warrior
 11913 | D:11     | Noticed a boulder beetle
 11937 | D:11     | Killed a boulder beetle
 11938 | D:11     | Reached skill level 5 in Axes
 11954 | D:11     | Found a shimmering altar of Xom.
 12076 | D:11     | Killed a centaur warrior
 12083 | D:11     | Identified the +0 scale mail of Fug Ojy {Str+3 Dex+5 Slay+2
                  | Stlth-} (Okawaru gifted it to you on level 11 of the
                  | Dungeon)
 12083 | D:11     | Received a gift from Okawaru
 12084 | D:11     | Reached skill level 10 in Armour
 12240 | D:11     | Noticed a two-headed ogre
 12247 | D:11     | Killed a two-headed ogre
 12444 | D:11     | Found a staircase to the Lair.
 12531 | Lair:1   | Entered Level 1 of the Lair of Beasts
 12663 | Lair:1   | Found a large runed translucent door.
 12664 | Lair:1   | Found a large runed translucent door.
 12810 | Lair:1   | Noticed a boulder beetle
 12818 | Lair:1   | Killed a boulder beetle
 13026 | Lair:1   | Noticed 112233's ghost (journeyman DsNe)
 13333 | Lair:1   | Killed 112233's ghost
 13708 | Lair:2   | Reached XP level 13. HP: 105/113 MP: 12/12
 13919 | Lair:2   | Identified the +6 plate armour of the Orcish Mines {Dex+4}
                  | (Okawaru gifted it to you on level 2 of the Lair of Beasts)
 13919 | Lair:2   | Received a gift from Okawaru
 13976 | Lair:2   | Reached skill level 10 in Axes
 14006 | Lair:2   | Reached ****** piety under Okawaru
 14927 | Lair:3   | Found a hole to the Spider Nest.
 14971 | Lair:3   | Found a radiant altar of Vehumet.
 15099 | Lair:3   | HP: 4/125 [eight-headed hydra (10)]
 15099 | Lair:3   | Slain by an eight-headed hydra

Illustrated notes

Levels and vault maps discovered:
D:1:      dpeg_arrival_morbid_curiosity, layout_basic
D:2:      layout_loops_ring
D:3:      layout_loops_corners
D:4:      cheibrodos_fertilizer, layout_loops_corners, gup_sewer_entry_bubbles
D:5:      layout_layer_cave, minmay_temple_entry_steel_oval
D:6:      layout_loops_ring, mainiacjoe_overflow_alcove_2, minitemple,
          gammafunk_ghost_abyssal_escape, columned_hall_lemuel,
          uniq_crazy_yiuf_cottage, uniq_grinder
D:7:      cheibrodos_wizards_tower, layout_basic,
          nicolae_shop_sticking_my_neck_out
D:8:      layout_loops_corners, worldfamousw_hep_ancestral_shrine
D:9:      kennysheep_blocky_room, layout_rooms, mainiacjoe_overflow_boulevard
D:10:     layout_roguey, enter_bailey_2, serial_shops, nicolae_shop_stone,
          hangedman_minor_magic
D:11:     layout_roguey, grunt_lair_entry_orc_guard_hut, xom_confusion_cloud
Temple:   minmay_crystal_spiral_temple
Lair:1:   minmay_lair_oklob_tunnel, layout_gridlike,
          ebering_ghost_disaster_area, nzn_sisyphean_effort,
          serial_bayou_shore_a, lemuel_fruit_fields, serial_bayou_shore_b,
          infiniplex_staircase_pool_2
Lair:2:   layout_hall_layers, grunt_megastairs_2
Lair:3:   layout_regular_city, palyth_hydra_swamp_entry,
          spider_nest_entry_web_field, basic_altar

Skill      XL: |  1  2  3  4  5  6  7  8  9 10 11 12 13 |
---------------+----------------------------------------+-----
Fighting       | 4 5 6 7 9 10 12 13 14 | 14.5
Maces & Flails | 3 4 5 7 8 10 12 15 | 15.7
Shields        | 4 5 6 7 9 |  9.1
Armour         | 4 5 6 7 9 11 12 | 12.1
Axes           | 9 11 | 11.5

Action                     |  1- 3 |  4- 6 |  7- 9 | 10-12 | 13-15 || total
---------------------------+-------+-------+-------+-------+-------++-------
  Melee: Flail             |    65 |   261 |    71 |       |       ||   397
         Headbutt          |     7 |    35 |    52 |    75 |    10 ||   179
         Mace              |       |       |   151 |       |       ||   151
         Dire flail        |       |       |    29 |   208 |       ||   237
         Executioner's axe |       |       |       |   148 |    76 ||   224
  Throw: Dart              |       |     2 |    16 |    13 |       ||    31
  Evoke: Wand              |       |       |       |       |     3 ||     3
    Use: Scroll            |       |     5 |     4 |     2 |     1 ||    12
         Potion            |       |     2 |     4 |    10 |       ||    16
 Armour: Scale mail        |    37 |       |       |    47 |    68 ||   152
         Chain mail        |     5 |   155 |    80 |       |       ||   240
         Plate armour      |       |       |   119 |   273 |       ||   392
  Dodge: Dodged            |    45 |    81 |    77 |   188 |    50 ||   441
  Block: Buckler           |    16 |    48 |    52 |       |       ||   116

Table legend: (Time is in decaauts)
 A = Elapsed time spent in this place.
 B = Non-inter-level travel time spent in this place.
 C = Inter-level travel time spent in this place.
 D = Time resting spent in this place.
 E = Time spent auto-exploring this place.
 F = Levels seen in this place.
 G = Mean time per level.
                   A        B        C        D        E       F      G
               +--------+--------+--------+--------+--------+-----+--------+
         Total |  15304 |  14090 |   1214 |   1934 |   9431 |  17 |  900.2 |
       Dungeon |  11195 |  10118 |   1077 |   1201 |   7121 |  11 | 1017.7 |
        Temple |    191 |    116 |     75 |      0 |     98 |   1 |  191.0 |
          Lair |   2607 |   2547 |     60 |    400 |   1850 |   3 |  869.0 |
         Sewer |    439 |    439 |      0 |     69 |    220 |   1 |  439.0 |
        Bailey |    870 |    870 |      0 |    264 |    141 |   1 |  870.0 |
               +--------+--------+--------+--------+--------+-----+--------+

Top non-repeatable levels by time:
     D:7: 1392 daAuts
     D:4: 1358 daAuts
     D:8: 1231 daAuts
     D:3: 1222 daAuts
  Lair:1: 1194 daAuts
  Lair:2: 1045 daAuts
     D:6: 1013 daAuts
    D:11: 977 daAuts
     D:9: 941 daAuts
  Bailey: 870 daAuts
     D:1: 854 daAuts
    D:10: 834 daAuts
     D:5: 748 daAuts
     D:2: 621 daAuts
   Sewer: 439 daAuts
